 Dungeon Crawl Stone Soup version 0.31-a0-986-g5e6e4ef867 (webtiles) character file.

Game seed: 11387494608498533691

566 SigmundSlayer the Chopper (level 7, -2/78 HPs)
             Began as a Demonspawn Berserker on Nov 5, 2023.
             Was a Believer of Trog.
             Slain by an orc warrior
             ... wielding a +0 short sword
              (9 damage)
             ... on level 5 of the Dungeon.
             The game lasted 00:04:48 (3722 turns).

SigmundSlayer the Chopper (Demonspawn Berserker)    Turns: 3722, Time: 00:04:49

Health: -2/78      AC:  7    Str: 19    XL:     7   Next: 10%
Magic:  7/7        EV: 10    Int: 13    God:    Trog [**....]
Gold:   210        SH:  5    Dex: 12    Spells: 6/6 levels left

rFire   . . .        a - +0 hand axe
rCold   . . .        l - +2 buckler
rNeg    . . .        c - +0 ring mail
rPois   .            j - +0 helmet
rElec   .            (no cloak)
rCorr   .            (no gloves)
SInv    .            (no boots)
Will    .....        (no amulet) Stlth
                     (no ring)
HPRegen 0.33/turn    (no ring)
MPRegen 0.10/turn

%: no passive effects
@: berserking, very quick
A: ignite blood 1, big brain 2
a: Renounce Religion, Berserk, Trog's Hand


You were on level 5 of the Dungeon.
You worshipped Trog.
Trog was pleased with you.
You visited 1 branch of the dungeon, and saw 5 of its levels.

You collected 210 gold pieces.

Inventory:

Hand Weapons
 a - a +0 hand axe (weapon)
Armour
 c - a +0 ring mail (worn)
 j - a +0 helmet (worn)
 l - a +2 buckler (worn)
Talismans
 t - a maw talisman
Wands
 g - a wand of polymorph (5)
 o - a wand of mindburst (8)
 s - a wand of acid (13)
 w - a wand of paralysis (9)
Scrolls
 d - 3 scrolls of teleportation
 h - a scroll of fear
 k - a scroll of blinking
 m - a scroll of noise
 n - 2 scrolls of vulnerability
 q - a scroll of immolation {unknown}
Potions
 b - 2 potions of ambrosia
 e - a potion of attraction {unknown}
 f - a potion of lignification {unknown}
 i - a potion of haste {unknown}
 p - a potion of mutation {unknown}
 r - a potion of invisibility {unknown}
 u - a potion of heal wounds {unknown}
 v - a potion of might {unknown}


   Skills:
 - Level 3.0 Fighting
 + Level 5.5 Axes
 + Level 5.2 Armour
 - Level 1.7 Dodging


You had 6 spell levels left.
You didn't know any spells.
Your spell library was empty.

Dungeon Overview and Level Annotations

Branches:
Dungeon (5/15)
 Temple: D:4-7

Altars:
Hepliaklqana
Yredelemnul

Shops:
D:2 [

Annotations:
D:4 1 runed translucent door
D:5 Blork the orc


Innate Abilities, Weirdness & Mutations

Your demonic aura sometimes causes spilled blood to erupt in flames.
You have an extremely huge brain. (Int +4)


Message History

The acid dragon misses you. You block the orc warrior's attack.
You hit the orc wizard but do no damage.
You barely miss the orc warrior.
You hit the acid dragon but do no damage.
You closely miss something. The acid dragon spits acid at you.
The splash of acid hits you!
The orc warrior hits you with a +0 short sword.
You are too injured to fight recklessly!
You are too injured to fight recklessly!
You are too injured to fight recklessly!
You are too injured to fight recklessly!
You are too injured to fight recklessly!
You are too injured to fight recklessly!
You are too injured to fight recklessly!
You are too injured to fight recklessly!
You are too injured to fight recklessly!
You are too injured to fight recklessly!
You are too injured to fight recklessly!
You slash the orc!
You kill the orc!
Trog accepts your kill.
You hit the acid dragon. You closely miss the orc wizard. You miss something.
You barely miss the orc warrior. The acid dragon bites you.
* * * LOW HITPOINT WARNING * * *
The acid dragon claws you.
* * * LOW HITPOINT WARNING * * *
Something hits you.
* * * LOW HITPOINT WARNING * * *
You block the orc wizard's attack.
The orc warrior hits you with a +0 short sword.
* * * LOW HITPOINT WARNING * * *
A red film seems to cover your vision as you go berserk!
You feel yourself moving faster!
You feel mighty! The acid dragon barely misses you.
The acid dragon closely misses you. Something hits you but does no damage.
The orc wizard casts a spell.
The orc wizard flickers and vanishes!
The orc warrior hits you with a +0 short sword!
You die...

..##### .<. .#...# ..##
... #.... ... .... ...
). . #.... ##+##.# .#
.#
#....##..##.####.###..#
.................$.....
...............D.......
######.....##.@.##..
#....<##o){#
+.........o...
#..†...........o
###..###..(###... #+##
#...# .. .>.... $
....^. ..#


You could see Blork the orc, an orc warrior and an acid dragon (catching
breath).

Vanquished Creatures
  Grinder (D:3)
  A water moccasin (D:5)
  A scorpion (D:4)
  An iguana (D:4)
  Robin (D:3)
  5 adders
  2 ufetubi (D:4)
  2 worms (D:2)
  3 dart slugs
  9 orcs
  5 endoplasms
  A giant cockroach (D:4)
  15 goblins
  7 hobgoblins
  10 jackals
  7 quokkas
  15 ball pythons
  5 bats
  3 frilled lizards
  A goblin skeleton (D:4)
  A goblin zombie (D:4)
  A jackal zombie (D:4)
  5 kobolds
  A rat (D:1)
103 creatures vanquished.

Notes
Turn   | Place    | Note
-------+----------+-------------------------------------------
     0 | D:1      | SigmundSlayer the Demonspawn Berserker began the quest for
                  | the Orb.
     0 | D:1      | Reached XP level 1. HP: 18/18 MP: 1/1
   336 | D:1      | Gained mutation: You have an unusually large brain. (Int
                  | +2) [demonic ancestry]
   336 | D:1      | Reached XP level 2. HP: 24/24 MP: 2/2
   930 | D:2      | Reached XP level 3. HP: 29/29 MP: 3/3
   980 | D:2      | Found Hiesef's Antique Armour Boutique.
  1197 | D:2      | Reached ** piety under Trog
  1493 | D:2      | Gained mutation: You have an extremely huge brain. (Int +4)
                  | [demonic ancestry]
  1493 | D:2      | Reached XP level 4. HP: 32/35 MP: 4/4
  1990 | D:3      | Found a faded altar of an unknown god.
  1991 | D:3      | Noticed Grinder
  1991 | D:3      | Noticed Robin
  2192 | D:3      | Found a hazy altar of Hepliaklqana.
  2202 | D:3      | Paralysed by Grinder for 3 turns
  2207 | D:3      | Killed Grinder
  2208 | D:3      | Reached XP level 5. HP: 18/41 MP: 5/5
  2208 | D:3      | Gained mutation: Your demonic aura sometimes causes spilled
                  | blood to erupt in flames. [demonic ancestry]
  2208 | D:3      | Reached XP level 6. HP: 21/47 MP: 6/6
  2326 | D:3      | Killed Robin
  2666 | D:4      | HP: 2/47 [poisoned by a scorpion]
  2669 | D:4      | Reached skill level 5 in Axes
  2671 | D:4      | HP: 1/70 [poisoned by a scorpion]
  3152 | D:4      | Noticed a human
  3158 | D:4      | Found a runed translucent door.
  3173 | D:4      | Found a basalt altar of Yredelemnul.
  3656 | D:5      | Entered Level 5 of the Dungeon
  3656 | D:5      | Noticed a water moccasin
  3661 | D:5      | Killed a water moccasin
  3662 | D:5      | Reached skill level 5 in Armour
  3662 | D:5      | Reached XP level 7. HP: 52/52 MP: 7/7
  3718 | D:5      | Noticed Blork the orc
  3722 | D:5      | Slain by an orc warrior

Illustrated notes

Levels and vault maps discovered:
D:1:      minmay_arrival_four_circles, layout_basic
D:2:      layout_loops_corners, serial_shops, nicolae_shop_waterfront,
          minmay_shallow_snake_nest
D:3:      layout_basic, nicolae_hepliaklqana_hazy_memory,
          basic_ecumenical_altar, uniq_grinder, uniq_robin
D:4:      layout_basic, dk_yredelemnul_ordeal, nicolae_tricolors
D:5:      layout_gridville, mainiacjoe_overflow_cross_hatched,
          serial_bayou_lake_a, uniq_blork_the_orc, uniq_crazy_yiuf_cottage

Skill      XL: |  1  2  3  4  5  6 |
---------------+-------------------+-----
Armour         | 2 3 4 5 |  5.2
Axes           | 3 4 5 |  5.5
Fighting       | |  3.0
Dodging        | |  1.7

Action                     |  1- 3 |  4- 6 |  7- 9 || total
---------------------------+-------+-------+-------++-------
  Melee: Hand axe          |   136 |   164 |     9 ||   309
         Punch             |     2 |       |       ||     2
 Invoke: Berserk           |       |     4 |     1 ||     5
         Trog's Hand       |       |     2 |       ||     2
    Use: Potion            |       |     3 |       ||     3
         Scroll            |       |     6 |       ||     6
 Armour: Ring mail         |    85 |   179 |    13 ||   277
  Dodge: Dodged            |    81 |   124 |    11 ||   216
  Block: Buckler           |       |    88 |     4 ||    92

Table legend: (Time is in decaauts)
 A = Elapsed time spent in this place.
 B = Non-inter-level travel time spent in this place.
 C = Inter-level travel time spent in this place.
 D = Time resting spent in this place.
 E = Time spent auto-exploring this place.
 F = Levels seen in this place.
 G = Mean time per level.
                   A        B        C        D        E       F      G
               +--------+--------+--------+--------+--------+-----+--------+
         Total |   3789 |   3661 |    128 |    340 |   2667 |   5 |  757.8 |
       Dungeon |   3789 |   3661 |    128 |    340 |   2667 |   5 |  757.8 |
               +--------+--------+--------+--------+--------+-----+--------+

Top non-repeatable levels by time:
     D:2: 1192 daAuts
     D:4: 1084 daAuts
     D:1: 794 daAuts
     D:3: 643 daAuts
     D:5: 74 daAuts
